Map: Rhoskallian LE

Players

qqq

  • Race: Protoss Protoss
  • Spawn Location: 5:00

Massa

  • Race: Terran Terran
  • Spawn Location: 6:00

TheRedDuke - Winner!

  • Race: Terran Terran
  • Spawn Location: 12:00

GeneralMaud - Winner!

  • Race: Protoss Protoss
  • Spawn Location: 11:00

VOD

Have the link to the VOD?

Description

Time

  • Played on: Oct. 2, 2020, 3:40 p.m.
  • Length: 7:43
Show
View Real Time Build Order
Export as new Build Order

qqq Protoss 

Build Orders: Cannon Rush 

Get SALT Encoding   

  12  0:01  Probe  
  13  0:13  Probe  
  14  0:18  Pylon  
  14  0:25  Probe  
  15  0:37  Probe  
  15  0:40  Forge  
  16  0:49  Probe  
  17  1:01  Probe  
  18  1:13  Probe  
  19  1:22  Pylon  
  19  1:26  Probe  
  19  1:28  Pylon x2  
  20  1:38  Probe  
  20  1:40  Photon Cannon  
  20  1:50  Photon Cannon  
  20  1:55  Photon Cannon  
  20  1:58  Probe  
  20  2:31  Probe  
  21  2:43  Nexus  
  20  4:08  Nexus  
  20  4:13  Pylon  
  20  4:23  Probe (Chrono Boost)  
  21  4:25  Assimilator  
  21  4:34  Probe (Chrono Boost)  
  21  4:37  Gateway  
  22  4:39  Probe (Chrono Boost)  
  23  4:46  Assimilator  
  23  4:50  Probe  
  24  5:02  Probe  
  25  5:22  Probe  
  26  5:31  Cybernetics Core  
  26  5:32  Zealot  
  29  5:36  Probe (Chrono Boost)  
  29  5:41  Probe (Chrono Boost)  
  32  5:51  Probe (Chrono Boost)  
  32  5:52  Probe (Chrono Boost)  
  32  5:56  Probe (Chrono Boost)  
  32  5:59  Probe, Zealot  
  35  6:07  Probe  
  35  6:11  Probe  
  36  6:23  Probe, Stargate  
  36  6:26  Stalker  
  38  6:36  Gateway  
  38  6:52  Robotics Facility  
  38  6:56  Stalker  
Show
View Real Time Build Order
Export as new Build Order

Massa Terran 

Build Orders:  

Get SALT Encoding   

  12  0:00  SCV  
  13  0:12  SCV  
  14  0:23  Supply Depot  
  14  0:24  SCV  
  15  0:45  SCV  
  15  0:46  Barracks  
  15  0:48  Refinery  
  16  0:57  SCV  
  16  1:03  Refinery  
  17  1:09  SCV  
  18  1:22  SCV  
  19  1:30  Supply Depot  
  19  1:35  Reaper  
  20  1:56  Factory  
  20  2:05  Orbital Command  
  20  2:07  Marine  
  21  2:28  Command Center  
  21  2:34  SCV  
  22  2:46  SCV  
  22  3:08  Hellion  
  24  3:18  Supply Depot  
  24  3:26  Reaper  
  25  3:30  Hellion  
  27  3:51  Hellion  
  29  3:57  Marine  
  30  4:03  Orbital Command  
  30  4:07  SCV  
  31  4:12  Hellion  
  31  4:15  Marine, Supply Depot  
  31  4:17  Starport  
  34  4:19  SCV  
  35  4:31  SCV  
  36  4:34  Widow Mine  
  38  4:41  Bunker  
  38  4:43  SCV  
  36  4:55  Widow Mine  
  30  5:28  Starport Tech Lab  
  30  5:31  Engineering Bay  
  30  5:33  Marine  
  31  5:38  SCV x2  
  31  5:42  Hellion  
  35  5:50  SCV x2  
  35  5:51  Marine  
  38  6:02  SCV  
  37  6:21  Marine  
  30  6:33  Barracks x2  
  30  6:34  Barracks  
  30  6:35  Barracks  
  30  6:36  Barracks x2  
  30  6:38  Marine  
  29  6:55  SCV  
  29  6:56  Marine  
  29  7:00  Orbital Command  
  31  7:07  SCV  
  32  7:12  Factory  
  32  7:14  Marine  
  33  7:19  SCV  
  33  7:20  Supply Depot  
Show
View Real Time Build Order
Export as new Build Order

TheRedDuke Terran - Winner!

Build Orders:  

Get SALT Encoding   

  12  0:00  SCV  
  13  0:12  SCV  
  14  0:20  Supply Depot  
  14  0:25  Refinery  
  14  0:30  SCV  
  15  0:44  Barracks  
  15  0:47  SCV  
  16  0:53  Refinery  
  16  0:59  SCV  
  16  1:20  SCV, Barracks  
  17  1:45  Factory  
  17  1:54  Supply Depot  
  17  1:59  Marine  
  18  2:07  Barracks Tech Lab  
  18  2:37  Orbital Command  
  18  2:41  Barracks Tech Lab  
  18  2:43  Siege Tank  
  21  2:53  Starport  
  21  3:03  Stimpack  
  21  3:04  SCV  
  22  3:20  SCV  
  23  3:30  Starport Reactor  
  23  3:32  SCV  
  24  3:45  Hellion  
  24  3:46  Marine  
  24  3:47  Marine  
  28  3:50  SCV, Supply Depot  
  29  4:10  Medivac  
  29  4:12  Medivac  
  29  4:16  Command Center  
  33  4:18  SCV  
  34  4:26  Marine x2  
  36  4:38  SCV  
  37  4:49  Marine x2  
  38  5:04  Liberator  
  31  5:26  Siege Tank  
  31  5:27  Marine  
  35  5:29  Marine  
  36  5:41  SCV  
  37  5:45  Marine  
  37  5:47  Marine  
  38  6:09  SCV x2  
  40  6:34  Orbital Command  
  40  6:36  Marine x2  
  40  6:38  SCV  
  43  6:53  Marine  
  43  6:54  Marine  
  44  7:11  Marine x2, Siege Tank  
  44  7:12  SCV x2  
  49  7:28  SCV x2  
Show
View Real Time Build Order
Export as new Build Order

GeneralMaud Protoss - Winner!

Build Orders:  

Get SALT Encoding   

  12  0:08  Probe  
  13  0:20  Probe (Chrono Boost), Pylon  
  14  0:28  Assimilator  
  14  0:33  Probe (Chrono Boost)  
  15  0:40  Probe (Chrono Boost)  
  16  0:48  Forge  
  16  0:56  Probe  
  17  1:08  Probe (Chrono Boost)  
  18  1:12  Assimilator  
  18  1:17  Probe (Chrono Boost)  
  19  1:23  Probe  
  20  1:32  Photon Cannon  
  20  1:36  Probe  
  21  1:48  Probe  
  22  1:58  Pylon  
  22  2:04  Probe  
  23  2:12  Pylon  
  22  2:19  Photon Cannon  
  22  2:20  Photon Cannon  
  22  2:23  Photon Cannon  
  22  2:29  Probe (Chrono Boost)  
  23  2:45  Pylon  
  23  2:58  Gateway  
  23  3:00  Probe  
  24  3:13  Pylon  
  24  3:17  Probe (Chrono Boost)  
  25  3:28  Photon Cannon  
  25  3:35  Photon Cannon  
  24  3:53  Zealot  
  24  3:54  Probe  
  27  3:59  Cybernetics Core  
  27  4:01  Pylon  
  27  4:16  Probe (Chrono Boost)  
  28  4:27  Probe (Chrono Boost)  
  29  4:32  Probe (Chrono Boost)  
  30  4:42  Probe  
  29  4:54  Pylon  
  29  4:56  Probe  
  29  4:59  Pylon  
  30  5:02  Stalker  
  32  5:16  Stargate  
  32  5:18  Stargate  
  32  5:19  Stargate  
  32  5:22  Pylon  
  32  5:30  Photon Cannon  
  32  5:34  Probe (Chrono Boost)  
  33  5:39  Nexus  
  34  5:44  Probe (Chrono Boost)  
  34  5:47  Gateway  
  34  5:51  Photon Cannon  
  34  5:55  Photon Cannon  
  34  5:56  Pylon  
  34  6:03  Void Ray  
  34  6:05  Probe  
  34  6:11  Void Ray  
  43  6:26  Photon Cannon  
  43  6:31  Void Ray  
  47  6:43  Probe (Chrono Boost)  
  48  6:51  Void Ray, Assimilator  
  48  6:53  Probe (Chrono Boost)  
  49  6:55  Assimilator  
  54  7:08  Probe (Chrono Boost)  
  54  7:10  Probe (Chrono Boost)  
  55  7:17  Pylon  
  55  7:20  Probe (Chrono Boost)  
  55  7:22  Probe (Chrono Boost)  
  57  7:26  Probe (Chrono Boost)  
  58  7:33  Probe (Chrono Boost)  
Tags
 
Add a new tag
Caveats
  • Supply blocks, unpowered buildings, or Contaminate may cause inaccurate times.
  • Supply counts are checked every 10 seconds.